 Dungeon Crawl Stone Soup version 0.19.0-19-g8c6edcc (webtiles) character file.

1752 tsouns the Poker (level 9, -3/71 HPs)
             Began as a Merfolk Warper on Nov 12, 2016.
             Was an Initiate of Gozag.
             Slain by a sixfirhy (6 damage)
             ... summoned by a deep elf mage
             ... on level 6 of the Dungeon.
             The game lasted 00:19:00 (6044 turns).

tsouns the Poker (Merfolk Warper)                   Turns: 6044, Time: 00:19:00

Health: -3/71      AC:  8    Str: 17    XL:     9   Next: 6%
Magic:  12/12      EV: 15    Int: 13    God:    Gozag
Gold:   569        SH:  0    Dex: 13    Spells: 3 memorised, 7 levels left

rFire  . . .     SeeInvis .     g - +2 dagger (elec)
rCold  + . .     Gourm    .     b - +1 leather armour
rNeg   . . .     Faith    .     (no shield)
rPois  .         Spirit   .     o - +2 helmet
rElec  .         Reflect  .     h - +0 cloak
rCorr  .         Harm     .     (no gloves)
MR     .....                    (no boots)
Stlth  +++.......               (no amulet)
                                y - ring of protection from cold
                                v - +3 ring of strength

@: very slightly contaminated, invisible
A: change form in water, swift swim, stealthy swim
a: Potion Petition, Call Merchant, Bribe Branch, Renounce Religion


You were on level 6 of the Dungeon.
You worshipped Gozag.
Gozag was pleased with you.
You were full.

You visited 2 branches of the dungeon, and saw 7 of its levels.

You collected 641 gold pieces.
You paid 72 gold pieces to Gozag.

Inventory:

Hand Weapons
 a - a +1 spear
 g - a +2 dagger of electrocution (weapon)
Missiles
 e - 5 tomahawks of dispersal (quivered)
 m - 149 stones
 s - 8 tomahawks
 t - 11 poisoned needles
 u - 4 needles of sleeping
Armour
 b - a +1 leather armour (worn)
 h - a +0 cloak (worn)
 n - a +0 plate armour
 o - a +2 helmet (worn)
Jewellery
 v - a +3 ring of strength (left hand)
 y - a ring of protection from cold (right hand)
Wands
 r - a wand of random effects (12/48)
 w - a wand of random effects (22/48)
Scrolls
 i - 2 scrolls of identify
 j - 2 scrolls of teleportation
Potions
 c - a potion of agility
 q - 3 potions of flight
 x - a potion of cure mutation {unknown}
Comestibles
 f - a bread ration
 k - a meat ration


   Skills:
 + Level 6.5 Fighting
 - Level 4.7 Short Blades
 - Level 7.4 Polearms
 - Level 1.0 Throwing
 - Level 0.6 Armour
 + Level 7.2 Dodging
 + Level 6.2 Stealth
 - Level 2.0 Spellcasting
 - Level 2.4 Translocations


You had 7 spell levels left.
You knew the following spells:

 Your Spells              Type           Power        Failure   Level  Hunger
a - Blink                 Tloc           N/A          21%         2    ###....
b - Magic Dart            Conj           #...         30%         1    ##.....
c - Shroud of Golubria    Chrm/Tloc      #.........   30%         2    ###....


Dungeon Overview and Level Annotations

Branches:
Dungeon (6/15)             Temple (1/1) D:4

Altars:
Ashenzari
Cheibriados
Elyvilon
Gozag
Hepliaklqana
Kikubaaqudgha
Makhleb
Nemelex Xobeh
Okawaru
Qazlal
Ru
Uskayaw
Vehumet
Xom
Yredelemnul
Zin
The Shining One


Message History

* * * LOW HITPOINT WARNING * * *
You are lethally poisoned!
The redback poisons you! The tarantella misses you.
The redback bites you but does no damage.
The deep elf mage completely misses you.
The tarantella completely misses you.
The redback bites you but does no damage.
Unknown command.
You feel better. The sixfirhy barely misses you. The sixfirhy hits you.
* * * LOW HITPOINT WARNING * * *
The sixfirhy shocks you!
* * * LOW HITPOINT WARNING * * *
The sixfirhy misses you. The redback bites you!
* * * LOW HITPOINT WARNING * * *
The deep elf mage completely misses you.
The tarantella misses you. The redback closely misses you.
The sixfirhy completely misses you. The sixfirhy closely misses you.
The sixfirhy hits you.
You die...
Your body crumbles into a pile of gold.

#.# ##.#####.#...##.###.... #.#
##.#.............#.### #.#
##..###########...# #.#
#......... #.#.# #.# #.........
#.#.# #.# ##.8######+++#.#.#
#.# #.4..r..':.$#.#.#
#.############.e3sr..'..ยง#.#.#
#..............@ss...'..8#.#.#
##############.8######+++#...#
#......... #.### #........? #.#
#.###########.#####
#.............##...
#.###.#####...##.##
#.....####.........
#####......#####.##


You could see a deep elf mage, a sixfirhy, a red devil, a tarantella, 2 redbacks
and 2 hell rats.

Vanquished Creatures
  The ghost of Gekot the Skirmisher, an amateur FoFi (D:4)
  Sigmund (D:5)
  Eustachio (D:6)
  An ogre (D:5)
  A phantom (D:4)
  2 centaurs (D:5)
  Blork the orc (D:4)
  3 scorpions
  2 crimson imps (D:5)
  A centaur skeleton (D:4)
  2 hounds (D:5)
  Natasha (thrice) (D:2)
  5 worker ants
  2 orc wizards
  An iguana (D:3)
  Terence (D:3)
  A hound skeleton (D:5)
  A worker ant zombie (D:5)
  9 adders
  An ooze (D:5)
  An adder zombie (D:5)
  An adder skeleton (D:4)
  3 dart slugs
  3 worms
  4 leopard geckos
  13 orcs
  7 bats
  4 giant cockroaches
  11 goblins
  8 hobgoblins
  10 jackals
  4 quokkas
  2 ball pythons
  6 frilled lizards
  8 kobolds
  A quokka zombie (D:6)
  12 rats
138 creatures vanquished.

Notes
Turn   | Place    | Note
-------+----------+-------------------------------------------
     0 | D:1      | tsouns the Merfolk Warper began the quest for the Orb.
     0 | D:1      | Reached XP level 1. HP: 16/16 MP: 3/3
    96 | D:1      | Reached XP level 2. HP: 22/23 MP: 5/5
   513 | D:1      | Reached XP level 3. HP: 20/28 MP: 6/6
  1111 | D:2      | Reached XP level 4. HP: 35/35 MP: 7/7
  1343 | D:2      | Noticed Natasha
  1357 | D:2      | Killed Natasha
  1357 | D:2      | Reached skill level 1 in Stealth
  1642 | D:2      | Noticed Natasha
  1660 | D:2      | Killed Natasha
  1660 | D:2      | Reached XP level 5. HP: 30/42 MP: 8/8
  1765 | D:2      | Noticed Natasha
  1788 | D:2      | Killed Natasha
  1788 | D:2      | Reached skill level 5 in Polearms
  2549 | D:3      | Noticed Terence
  2658 | D:3      | Killed Terence
  2658 | D:3      | Reached XP level 6. HP: 44/48 MP: 9/9
  3229 | D:3      | Found a runed door.
  3284 | D:3      | Noticed Crazy Yiuf
  3285 | D:3      | Noticed Crazy Yiuf
  3285 | D:3      | Crazy Yiuf changed into Crazy Yiuf the iguana
  3289 | D:3      | Killed Crazy Yiuf the iguana
  3459 | D:4      | Reached skill level 5 in Dodging
  3809 | D:4      | Noticed Gekot's ghost (amateur FoFi)
  3830 | D:4      | Killed Gekot's ghost
  3830 | D:4      | Reached skill level 5 in Fighting
  3830 | D:4      | Reached XP level 7. HP: 42/56 MP: 10/10
  4042 | D:4      | Found a staircase to the Ecumenical Temple.
  4051 | Temple   | Entered the Ecumenical Temple
  4065 | Temple   | Became a worshipper of Gozag Ym Sagoz the Greedy
  4292 | D:4      | Noticed Blork the orc
  4323 | D:4      | Killed Blork the orc
  4338 | D:4      | Reached XP level 8. HP: 35/64 MP: 11/11
  4548 | D:4      | Found an iron altar of Okawaru.
  4823 | D:5      | Entered Level 5 of the Dungeon
  4869 | D:5      | Reached skill level 1 in Short Blades
  5119 | D:5      | Noticed Sigmund
  5128 | D:5      | Killed Sigmund
  5128 | D:5      | Reached skill level 5 in Stealth
  5209 | D:5      | Learned a level 2 spell: Blink
  5211 | D:5      | Learned a level 1 spell: Magic Dart
  5214 | D:5      | Learned a level 2 spell: Shroud of Golubria
  5882 | D:6      | Noticed Eustachio
  5918 | D:6      | Killed Eustachio
  5918 | D:6      | Reached XP level 9. HP: 48/71 MP: 12/12
  6022 | D:6      | Noticed a deep elf mage
  6031 | D:6      | Noticed a sixfirhy
  6042 | D:6      | Noticed a red devil
  6043 | D:6      | HP: 3/71 [redback[a deep elf mage] (7)]
  6044 | D:6      | Slain by a sixfirhy

Skill      XL: |  1  2  3  4  5  6  7  8 |
---------------+-------------------------+-----
Dodging        | 3 4 6 7 |  7.2
Polearms       | 4 5 6 7 |  7.4
Fighting       | 3 4 5 6 |  6.5
Stealth        | 1 2 6 |  6.2
Short Blades   | 4 |  4.7
Throwing       | |  1.0
Armour         | |  0.6
Spellcasting   | |  2.0
Translocations | |  2.4

Action                   |  1- 3 |  4- 6 |  7- 9 || total
-------------------------+-------+-------+-------++-------
Melee: Dagger            |    80 |   209 |   206 ||   495
       Spear             |     6 |     4 |       ||    10
Evoke: Wand              |       |     1 |     6 ||     7
  Use: Scroll            |       |    14 |     4 ||    18
       Potion            |       |     3 |     3 ||     6
 Stab: Sleeping          |       |     4 |     1 ||     5
       Distracted        |       |       |     5 ||     5
       Paralysed         |       |       |     1 ||     1
  Eat: Chunk             |     1 |     3 |     1 ||     5
       Meat ration       |       |     1 |     1 ||     2
       Beef jerky        |       |       |     1 ||     1
       Bread ration      |       |       |     1 ||     1
Armor: Leather armour    |    22 |    34 |    31 ||    87
Dodge: Dodged            |    43 |   129 |   139 ||   311
